 Seeded DCSS version 0.30.1-6-gbe392663c4 (webtiles) character file.

Game seed: 15355723370913860151 (custom seed)

437 Psyclone the Tainter (level 7, -1/41 HPs)
             Began as an Octopode Venom Mage on Sept 20, 2023.
             Slain by an iguana (9 damage)
             ... on level 4 of the Dungeon.
             The game lasted 00:14:04 (3364 turns).

Psyclone the Tainter (Octopode Venom Mage)          Turns: 3364, Time: 00:14:05

Health: -1/41      AC:  1    Str:  8    XL:     7   Next: 1%
Magic:  5/12       EV: 13    Int: 19    God:
Gold:   190        SH:  0    Dex: 12    Spells: 6/13 levels left

rFire   . . .        b - +0 dagger (speed)
rCold   . . .        (no shield)
rNeg    . . .        (helmet restricted)
rPois   .            (no amulet)
rElec   .            (no ring)
rCorr   .            (no ring)
SInv    .            (no ring)
Will    .....        (no ring)
Stlth   +++          (no ring)
HPRegen 0.26/turn    (no ring)
MPRegen 0.13/turn    (no ring)
                     (no ring)

%: no passive effects
@: no status effects
A: almost no armour, amphibious, 8 rings, camouflage 1, gelatinous body 1,
(nimble swimmer 1), tentacles
a: no special abilities


You were on level 4 of the Dungeon.
You visited 1 branch of the dungeon, and saw 4 of its levels.

You collected 190 gold pieces.

Inventory:

Hand Weapons
 b - a +0 dagger of speed (weapon)
Missiles
 c - 2 curare-tipped darts
Armour
 r - the +2 kite shield of Cowardice {Str+2 Int+4 Stlth-}
   (You found it on level 4 of the Dungeon)

   Str:       It affects your strength (+2).
   Int:       It affects your intelligence (+4).
   Stlth:     It makes you less stealthy.
Magical Staves
 a - a staff of poison
Jewellery
 g - a ring of positive energy
Wands
 m - a wand of charming (10)
 w - a wand of flame (13)
Scrolls
 d - a scroll of enchant armour {unknown}
 e - 4 scrolls of teleportation {unknown}
 f - a scroll of blinking {unknown}
 h - 5 scrolls of identify {unknown}
 i - 2 scrolls of acquirement {unknown}
 l - 3 scrolls of fog {unknown}
 n - a scroll of immolation {unknown}
Potions
 j - a potion of resistance {unknown}
 k - 2 potions of attraction {unknown}
 o - a potion of curing {unknown}
 p - 2 potions of mutation {unknown}
 q - a potion of degeneration {unknown}
 s - a potion of cancellation {unknown}
 u - a potion of might {unknown}
 v - a potion of ambrosia {unknown}
 x - a potion of magic


   Skills:
 - Level 2.0 Dodging
 - Level 2.6 Stealth
 + Level 3.9 Spellcasting
 - Level 1.0 Transmutations
 - Level 8.0 Poison Magic


You had 6 spell levels left.
You knew the following spells:

 Your Spells              Type           Power      Damage    Failure   Level
a - Poisonous Vapours     Pois/Air       36%        N/A       4%          2
v - Sting                 Tmut/Pois      80%        1d7       2%          1
x - Olgreb's Toxic Radia  Pois           34%        N/A       5%          4

Your spell library contained the following spells:

 Spells                   Type           Power      Damage    Failure   Level
 Spider Form              Tmut/Pois      20%        N/A       7%          3
 Beastly Appendage        Tmut           14%        N/A       9%          1
 Wereblood                Tmut           7%         N/A       14%         2
 Mephitic Cloud           Conj/Pois/Air  13%        N/A       14%         3
 Summon Guardian Golem    Hex/Summ       3%         N/A       38%         3
 Orb of Destruction       Conj           1%         9d5       100%        7
 Spellforged Servitor     Conj/Summ      1%         N/A       100%        7


Dungeon Overview and Level Annotations

Branches:
Dungeon (4/15) Zot: 20652
 Temple: D:4-7

Altars:
Hepliaklqana
Sif Muna
Uskayaw
Vehumet
Xom

Shops:
D:1 =   D:4 !


Innate Abilities, Weirdness & Mutations

You cannot wear most types of armour.
You are amphibious.
You can wear up to eight rings at the same time.
Your skin changes colour to match your surroundings (Stealth+).
Your rubbery body absorbs attacks. (AC +1, EV +1)
((You are camouflaged when in or above water. (Stealth+)))
You have tentacles for arms and can constrict up to eight enemies at once.


Message History

Poisonous vapours surround the iguana!
The iguana looks even sicker.
You constrict the iguana, but do no damage.
The iguana bites you!
You take 6 damage, and have 22/41 hp.
You now have 8/12 mp.
Casting: Poisonous Vapours (safe; 4% risk of failure)
Confirm with . or Enter, or press ? or * to list all spells.
Aiming: Poisonous Vapours (safe; 4% risk of failure)
Press: ? - help, Dir - move target, f/p - iguana
Aim: an iguana (lightly wounded, constricted by you, very poisoned) Poisonous vapours surround the iguana!
The iguana looks as sick as possible!
You constrict the iguana. The iguana bites you.
You take 6 damage, and have 16/41 hp.
You now have 6/12 mp.
You hit the iguana but do no damage.
The iguana is moderately wounded.
You constrict the iguana, but do no damage.
The iguana bites you!
* * * LOW HITPOINT WARNING * * *
You take 8 damage, and have 8/41 hp.
You release your grip on the iguana.
An endoplasm comes into view.
Found Ymavih's Distillery.
The endoplasm quivers.
You hit the endoplasm. Your squeeze misses the endoplasm.
The endoplasm is heavily wounded.
The endoplasm attacks as you move away!
The endoplasm hits you but does no damage.
The iguana attacks as you move away! The iguana closely misses you.
Casting: Poisonous Vapours (safe; 4% risk of failure)
Confirm with . or Enter, or press ? or * to list all spells.
Aiming: Poisonous Vapours (safe; 4% risk of failure)
Press: ? - help, Dir - move target, f/p - iguana
Aim: an iguana (severely wounded, very poisoned) Poisonous vapours surround the iguana!
The iguana looks as sick as possible!
The endoplasm freezes you.
You are frozen.
* * * LOW HITPOINT WARNING * * *
The iguana misses you.
You take 1 damage, and have 8/41 hp.
You now have 5/12 mp.
The iguana bites you!
You die...

#.........# #.#
###......## #..
###..### ###
########...######
.................
###....†..#.##...#
#...#######.# ..#
#...#..#....# #
#@.....#.####
#Jl##.##.#
##...#....#
#.......###
#..)#.....#
.......##."...#
.......##.##..#
........##.# #...#
........##.# ...#


You could see an iguana (extremely poisoned) and an endoplasm.

Vanquished Creatures
  Grinder (D:3)
  An orc priest (D:3)
  Jessica (D:3)
  An orc wizard (D:3)
  An iguana (D:4)
  Robin (D:3)
  2 adders
  A shadow imp (D:4)
  A worm (D:2)
  4 dart slugs
  3 orcs (D:3)
  11 ball pythons
  6 endoplasms
  3 giant cockroaches
  19 goblins
  10 hobgoblins
  4 jackals (D:1)
  2 quokkas
  4 bats
  3 frilled lizards
  7 kobolds
  8 rats
94 creatures vanquished.

Notes
Turn   | Place    | Note
-------+----------+-------------------------------------------
     0 | D:1      | Psyclone the Octopode Venom Mage began the quest for the
                  | Orb.
     0 | D:1      | Reached XP level 1. HP: 11/11 MP: 3/3
   102 | D:1      | Reached skill level 4 in Poison Magic
   112 | D:1      | Reached XP level 2. HP: 17/17 MP: 0/5
   116 | D:1      | Learned a level 2 spell: Poisonous Vapours
   203 | D:1      | Found Poafeakiy's One-of-a-Kind Rings.
   556 | D:1      | Reached skill level 5 in Poison Magic
   556 | D:1      | Reached XP level 3. HP: 18/21 MP: 4/6
  1212 | D:2      | Reached XP level 4. HP: 24/27 MP: 7/7
  1359 | D:2      | Reached skill level 6 in Poison Magic
  1822 | D:2      | Learned a level 4 spell: Olgreb's Toxic Radiance
  1921 | D:3      | Noticed Robin
  1980 | D:3      | Killed Robin
  2071 | D:3      | Noticed Jessica
  2080 | D:3      | Killed Jessica
  2081 | D:3      | Reached XP level 5. HP: 31/31 MP: 1/8
  2146 | D:3      | Found a radiant altar of Vehumet.
  2202 | D:3      | Reached skill level 7 in Poison Magic
  2666 | D:3      | Noticed Grinder
  2671 | D:3      | Paralysed by Grinder for 5 turns
  2694 | D:3      | Killed Grinder
  2695 | D:3      | Reached skill level 8 in Poison Magic
  2695 | D:3      | Reached XP level 6. HP: 7/36 MP: 2/11
  2910 | D:3      | Found a sacrificial altar of Ru.
  2913 | D:3      | Found a hide-covered altar of Uskayaw.
  2913 | D:3      | Found a shimmering altar of Xom.
  2917 | D:3      | Found a hazy altar of Hepliaklqana.
  2917 | D:3      | Found a shimmering altar of Xom.
  2917 | D:3      | Found a shimmering blue altar of Sif Muna.
  3170 | D:4      | Identified the +2 kite shield of Cowardice {Str+2 Int+4
                  | Stlth-}
  3308 | D:4      | Reached XP level 7. HP: 36/41 MP: 12/12
  3359 | D:4      | Found Ymavih's Distillery.
  3364 | D:4      | Slain by an iguana

Illustrated notes

Levels and vault maps discovered:
D:1:      psy_arrival_whirlpool, layout_basic, nicolae_shop_unique_rings,
          minmay_octomino_j4
D:2:      layout_basic, minmay_misc_feat_square, nrook_campfire,
          glass_columns_b, eino_curves_03, minmay_crystal_room,
          grunt_ministairs_5, st_stairs_10
D:3:      layout_basic, mainiacjoe_overflow_brackets, doesnt_xom_only_xom,
          uniq_robin, uniq_grinder, uniq_jessica
D:4:      layout_basic, old_standard_altar, zin_academy, serial_shops,
          nicolae_shop_tiny_statue_garden, minmay_surrounded, uniq_natasha,
          uniq_duvessa

Skill      XL: |  1  2  3  4  5 |
---------------+----------------+-----
Poison Magic   | 4 5 6 8 |  8.0
Spellcasting   | 3 |  3.9
Dodging        | |  2.0
Stealth        | |  2.6
Transmutations | |  1.0

Action                     |  1- 3 |  4- 6 |  7- 9 || total
---------------------------+-------+-------+-------++-------
  Melee: Dagger            |    26 |    80 |     5 ||   111
         Constrict         |    18 |    23 |     1 ||    42
         Tentacles         |    11 |    21 |     1 ||    33
         Scimitar          |    33 |     2 |       ||    35
         Staff             |       |     4 |       ||     4
   Cast: Sting             |     8 |     3 |       ||    11
         Poisonous Vapours |    16 |    24 |     4 ||    44
         Olgreb's Toxic Ra |       |     3 |       ||     3
  Evoke: Wand              |       |     4 |       ||     4
    Use: Potion            |     1 |       |       ||     1
   Stab: Sleeping          |     3 |     6 |     2 ||    11
 Armour: Skin              |     6 |     2 |     2 ||    10
  Dodge: Dodged            |    64 |    35 |     4 ||   103
